3L
OAKLAND OAKS @ SEATTLE AVIATORS
06/25/2020
 
TOP OF THE 1ST
Oakland Oaks batting - Pitching for Seattle Aviators : LHP Ryan McCall
Pitching: LHP Ryan McCall
Batting: RHB Dave Henderson 0-0: Called Strike
0-1: Foul Ball, location: 2F
0-2: Strikes out swinging
Batting: RHB Chandler Bailey 0-0: Ball
1-0: Called Strike
1-1: Ground out 1-3 (Groundball, 23)
Batting: RHB Aurelio Vázquez 0-0: SINGLE (Flyball, 8RS)
Batting: RHB Alden Wiley 0-0: Called Strike
0-1: Ball
1-1: Called Strike
1-2: Ball
2-2: Ball
3-2: Foul Ball, location: 2F
3-2: Ground out 6-3 (Groundball, 6)
Top of the 1st over - 0 run(s), 1 hit(s), 0 error(s), 1 left on base; Oakland 0 - Seattle 0
BOTTOM OF THE 1ST
Seattle Aviators batting - Pitching for Oakland Oaks : RHP Dave Mitchell
Pitching: RHP Dave Mitchell
Batting: SHB Ernest Miller 0-0: Called Strike
0-1: Ground out 1-3 (Groundball, 13)
Batting: RHB José Lozano 0-0: Called Strike
0-1: Ball
1-1: Ball
2-1: Ball
3-1: Called Strike
3-2: Fly out, F4 (Popup, 34D)
Batting: RHB Brian Williams 0-0: Ball
1-0: Called Strike
1-1: Ball
2-1: Swinging Strike
2-2: Foul Ball, location: 2F
2-2: Foul Ball, location: 2F
2-2: Ball
3-2: Strikes out swinging
Bottom of the 1st over - 0 run(s), 0 hit(s), 0 error(s), 0 left on base; Oakland 0 - Seattle 0
TOP OF THE 2ND
Oakland Oaks batting - Pitching for Seattle Aviators : LHP Ryan McCall
Batting: SHB Ramiro Salazar 0-0: Ball
1-0: Ball
2-0: Ball
3-0: Base on Balls
Batting: RHB Miguel Fernández 0-0: Fly out, F8 (Flyball, 78XD)
Batting: RHB Steve McLeod 0-0: Called Strike
0-1: Ball
1-1: Fly out, F8 (Flyball, 8LD)
Batting: RHB Dave Mitchell 0-0: Ball
1-0: Foul Ball, location: 2F
1-1: Ball
2-1: Ball
3-1: Called Strike
3-2: Base on Balls
Ramiro Salazar to second
Batting: SHB Eugene Parrish 0-0: Ball
1-0: Foul Ball, location: 2F
1-1: Called Strike
1-2: Fly out, F5 (Line Drive, 5S)
Top of the 2nd over - 0 run(s), 0 hit(s), 0 error(s), 2 left on base; Oakland 0 - Seattle 0
BOTTOM OF THE 2ND
Seattle Aviators batting - Pitching for Oakland Oaks : RHP Dave Mitchell
Batting: LHB Frank Wentworth 0-0: Ball
1-0: Swinging Strike
1-1: Called Strike
1-2: Strikes out swinging
Batting: RHB Tanyu Kimura 0-0: Ball
1-0: Ball
2-0: Ball
3-0: Called Strike
3-1: Foul Ball, location: 2F
3-2: Foul Ball, location: 2F
3-2: Foul Ball, location: 2F
3-2: Base on Balls
Batting: RHB Vernon Caw 0-0: Foul Ball, location: 2F
0-1: Ball
1-1: Fly out, F3 (Popup, 3F)
Batting: RHB Clarence Fox 0-0: Reached on error, E6 (Groundball, 6)
Tanyu Kimura to second
Batting: RHB Craig Stewart 0-0: Called Strike
0-1: Ball
1-1: Ground out U3 (Groundball, 3L)
Bottom of the 2nd over - 0 run(s), 0 hit(s), 1 error(s), 2 left on base; Oakland 0 - Seattle 0
TOP OF THE 3RD
Oakland Oaks batting - Pitching for Seattle Aviators : LHP Ryan McCall
Batting: RHB Dave Henderson 0-0: Ball
1-0: Called Strike
1-1: Fly out, F9 (Flyball, 89M)
Batting: RHB Chandler Bailey 0-0: Ball
1-0: Called Strike
1-1: Ball
2-1: Swinging Strike
2-2: Strikes out swinging
Batting: RHB Aurelio Vázquez 0-0: Ball
1-0: Ball
2-0: Foul Ball, location: 2F
2-1: Ball
3-1: Base on Balls
Batting: RHB Alden Wiley 0-0: Ground out 1-3 (Groundball, 13S)
Top of the 3rd over - 0 run(s), 0 hit(s), 0 error(s), 1 left on base; Oakland 0 - Seattle 0
BOTTOM OF THE 3RD
Seattle Aviators batting - Pitching for Oakland Oaks : RHP Dave Mitchell
Batting: LHB Ryan McCall 0-0: Swinging Strike
0-1: SINGLE (Line Drive, 8RS)
Batting: SHB Ernest Miller 0-0: Called Strike
0-1: Swinging Strike
0-2: Foul Ball, location: 2F
0-2: Ball
1-2: Ball
2-2: Foul Ball, location: 2F
2-2: SINGLE (Groundball, 6MD)
Ryan McCall to second
Batting: RHB José Lozano 0-0: Ball
1-0: Foul Ball, location: 2F
1-1: Grounds into double play, U6-3 (Groundball, 6M)
Ryan McCall to third
Batting: RHB Brian Williams 0-0: Called Strike
0-1: Foul Ball, location: 2F
0-2: Strikes out looking
Bottom of the 3rd over - 0 run(s), 2 hit(s), 0 error(s), 1 left on base; Oakland 0 - Seattle 0
TOP OF THE 4TH
Oakland Oaks batting - Pitching for Seattle Aviators : LHP Ryan McCall
Batting: SHB Ramiro Salazar 0-0: Called Strike
0-1: Called Strike
0-2: Foul Ball, location: 2F
0-2: Foul Ball, location: 2F
0-2: Foul Ball, location: 2F
0-2: SOLO HOME RUN (Flyball, 7D), Distance : 368 ft
Batting: RHB Miguel Fernández 0-0: Ball
1-0: Ground out 4-3 (Groundball, 4)
Batting: RHB Steve McLeod 0-0: Ball
1-0: Called Strike
1-1: Foul Ball, location: 2F
1-2: Ball
2-2: Foul Ball, location: 2F
2-2: Strikes out swinging
Batting: RHB Dave Mitchell 0-0: Ball
1-0: Ball
2-0: SINGLE (Line Drive, 4MD)
Batting: SHB Eugene Parrish 0-0: Ball
Wild Pitch!
Dave Mitchell to second
1-0: Called Strike
1-1: Ball
2-1: Fly out, F6 (Popup, 56)
Top of the 4th over - 1 run(s), 2 hit(s), 0 error(s), 1 left on base; Oakland 1 - Seattle 0
BOTTOM OF THE 4TH
Seattle Aviators batting - Pitching for Oakland Oaks : RHP Dave Mitchell
Batting: LHB Frank Wentworth 0-0: Ball
1-0: Foul Ball, location: 2F
1-1: Ball
2-1: Ball
3-1: Base on Balls
Batting: RHB Tanyu Kimura 0-0: Called Strike
0-1: Ball
1-1: Called Strike
1-2: Ball
2-2: Strikes out looking
Batting: RHB Vernon Caw 0-0: Fly out, F3 (Popup, 3SF)
Batting: RHB Clarence Fox 0-0: Foul Ball, location: 2F
0-1: Swinging Strike
0-2: Fly out, F7 (Flyball, 7M)
Bottom of the 4th over - 0 run(s), 0 hit(s), 0 error(s), 1 left on base; Oakland 1 - Seattle 0
TOP OF THE 5TH
Oakland Oaks batting - Pitching for Seattle Aviators : LHP Ryan McCall
Batting: RHB Dave Henderson 0-0: Foul Ball, location: 2F
0-1: Ball
1-1: Bunted foul
1-2: Hit by Pitch
Batting: RHB Chandler Bailey 0-0: Foul Ball, location: 2F
0-1: Called Strike
0-2: Strikes out swinging
Batting: RHB Aurelio Vázquez 0-0: Ball
1-0: Called Strike
1-1: Ball
2-1: Ball
3-1: Called Strike
3-2: Base on Balls
Dave Henderson to second
Batting: RHB Alden Wiley 0-0: Ball
1-0: Called Strike
1-1: DOUBLE (Line Drive, 7LD)
Dave Henderson scores
Aurelio Vázquez to third
Batting: SHB Ramiro Salazar 0-0: Foul Ball, location: 2F
0-1: Ground out 5-3 (Groundball, 5S)
Batting: RHB Miguel Fernández 0-0: Ball
1-0: Foul Ball, location: 2F
1-1: Foul Ball, location: 2F
1-2: Fly out, F9 (Flyball, 89D)
Top of the 5th over - 1 run(s), 1 hit(s), 0 error(s), 2 left on base; Oakland 2 - Seattle 0
BOTTOM OF THE 5TH
Seattle Aviators batting - Pitching for Oakland Oaks : RHP Dave Mitchell
Batting: RHB Craig Stewart 0-0: Swinging Strike
0-1: Called Strike
0-2: Foul Ball, location: 2F
0-2: Foul Ball, location: 2F
0-2: Strikes out swinging
Batting: LHB Ryan McCall 0-0: Ground out 4-3 (Groundball, 4M)
Batting: SHB Ernest Miller 0-0: Ball
1-0: Called Strike
1-1: Fly out, F8 (Flyball, 8LD)
Bottom of the 5th over - 0 run(s), 0 hit(s), 0 error(s), 0 left on base; Oakland 2 - Seattle 0
TOP OF THE 6TH
Oakland Oaks batting - Pitching for Seattle Aviators : LHP Ryan McCall
Batting: RHB Steve McLeod 0-0: Called Strike
0-1: Swinging Strike
0-2: Ground out 5-3 (Groundball, 5S)
Batting: RHB Dave Mitchell 0-0: Called Strike
0-1: Foul Ball, location: 2F
0-2: Ball
1-2: Ball
2-2: Strikes out swinging
Batting: SHB Eugene Parrish 0-0: Ground out 1-3 (Groundball, 25)
Top of the 6th over - 0 run(s), 0 hit(s), 0 error(s), 0 left on base; Oakland 2 - Seattle 0
BOTTOM OF THE 6TH
Seattle Aviators batting - Pitching for Oakland Oaks : RHP Dave Mitchell
Batting: RHB José Lozano 0-0: Called Strike
0-1: Ball
1-1: Ball
2-1: Ball
3-1: Base on Balls
Batting: RHB Brian Williams 0-0: Called Strike
0-1: Grounds into double play, U6-3 (Groundball, 6M)
Batting: LHB Frank Wentworth 0-0: Swinging Strike
0-1: Swinging Strike
0-2: Ball
1-2: Strikes out swinging
Bottom of the 6th over - 0 run(s), 0 hit(s), 0 error(s), 0 left on base; Oakland 2 - Seattle 0
TOP OF THE 7TH
Oakland Oaks batting - Pitching for Seattle Aviators : LHP Ryan McCall
Batting: RHB Dave Henderson 0-0: Called Strike
0-1: Ground out 1-3 (Groundball, 25)
Batting: RHB Chandler Bailey 0-0: SINGLE (Line Drive, 56)
Batting: RHB Aurelio Vázquez 0-0: Called Strike
0-1: Swinging Strike
0-2: 2-RUN HOME RUN (Flyball, 7D), Distance : 364 ft
Batting: RHB Alden Wiley 0-0: Called Strike
0-1: Ball
1-1: Foul Ball, location: 2F
1-2: Foul Ball, location: 2F
1-2: Ball
2-2: Ground out 1-3 (Groundball, 25)
Batting: SHB Ramiro Salazar 0-0: Ball
1-0: Ball
2-0: Ball
3-0: Base on Balls
Batting: RHB Miguel Fernández 0-0: Swinging Strike
0-1: Foul Ball, location: 2F
0-2: Ball
1-2: Foul Ball, location: 2F
1-2: SINGLE (Flyball, 9S)
Ramiro Salazar to second
Runner from 2nd tries for 3rd, SAFE, throw made to third
Batting: RHB Steve McLeod 0-0: Called Strike
0-1: Fly out, F6 (Popup, 6S)
Top of the 7th over - 2 run(s), 3 hit(s), 0 error(s), 2 left on base; Oakland 4 - Seattle 0
BOTTOM OF THE 7TH
Seattle Aviators batting - Pitching for Oakland Oaks : RHP Dave Mitchell
Batting: RHB Tanyu Kimura 0-0: Foul Ball, location: 2F
0-1: Ball
1-1: DOUBLE (Flyball, 78D)
Batting: RHB Vernon Caw 0-0: Ball
1-0: Fly out, F4 (Popup, 34)
Batting: RHB Clarence Fox 0-0: Swinging Strike
0-1: Swinging Strike
0-2: Ball
1-2: Ball
2-2: Ball
3-2: Ground out 1-3 (Groundball, 13)
Tanyu Kimura to third
Batting: RHB Craig Stewart 0-0: Called Strike
0-1: Ball
1-1: SINGLE (Line Drive, 56D)
Tanyu Kimura scores
Pinch Hitting: LHB En-lai Gao 0-0: Foul Ball, location: 2F
0-1: Ball
1-1: Ground out 6-3 (Groundball, 6)
Bottom of the 7th over - 1 run(s), 2 hit(s), 0 error(s), 1 left on base; Oakland 4 - Seattle 1
TOP OF THE 8TH
Oakland Oaks batting - Pitching for Seattle Aviators : LHP Ryan McCall
Pitching: RHP Carlos Trevino
Batting: RHB Dave Mitchell 0-0: Ground out 5-3 (Groundball, 5)
Batting: SHB Eugene Parrish 0-0: Foul Ball, location: 2F
0-1: SINGLE (Flyball, 7LS)
Batting: RHB Dave Henderson 0-0: Foul Ball, location: 2F
0-1: Ball
1-1: Ball
2-1: Swinging Strike
2-2: Strikes out swinging
Batting: RHB Chandler Bailey 0-0: Fly out, F7 (Flyball, 7M)
Top of the 8th over - 0 run(s), 1 hit(s), 0 error(s), 1 left on base; Oakland 4 - Seattle 1
BOTTOM OF THE 8TH
Seattle Aviators batting - Pitching for Oakland Oaks : RHP Dave Mitchell
Batting: SHB Ernest Miller 0-0: Foul Ball, location: 2F
0-1: Ball
1-1: Called Strike
1-2: Strikes out swinging
Batting: RHB José Lozano 0-0: Ball
1-0: Called Strike
1-1: Fly out, F3 (Popup, 3F)
Batting: RHB Brian Williams 0-0: Swinging Strike
0-1: Ball
1-1: SINGLE (Flyball, 89S)
Batting: LHB Frank Wentworth 0-0: Called Strike
0-1: DOUBLE (Line Drive, 7LM)
Brian Williams to third
Runner from 3rd tries for Home, SAFE, no throw or cutoff
Batting: RHB Tanyu Kimura 0-0: Ball
1-0: Ball
2-0: DOUBLE (Line Drive, 7LM)
Frank Wentworth scores
Batting: RHB Vernon Caw 0-0: Called Strike
0-1: Foul Ball, location: 2F
0-2: Ball
1-2: Foul Ball, location: 2F
1-2: Strikes out swinging
Bottom of the 8th over - 2 run(s), 3 hit(s), 0 error(s), 1 left on base; Oakland 4 - Seattle 3
TOP OF THE 9TH
Oakland Oaks batting - Pitching for Seattle Aviators : RHP Carlos Trevino
Batting: RHB Aurelio Vázquez 0-0: Ground out 6-3 (Groundball, 6)
Batting: RHB Alden Wiley 0-0: Ball
1-0: Ball
2-0: DOUBLE (Flyball, 78XD)
Batting: SHB Ramiro Salazar 0-0: Intentional Walk
Pinch Hitting: LHB Edwin Church 0-0: Ball
Alden Wiley steals 3rd base
Ramiro Salazar to second
1-0: Intentional Walk
Pinch Hitting: SHB John Allen 0-0: Ball
1-0: Foul Ball, location: 2F
1-1: Fly out, F9 (Flyball, 9S)
Pinch Hitting: RHB Chae-hyeong Kim 0-0: Foul Ball, location: 2F
0-1: Ball
1-1: Called Strike
1-2: Foul Ball, location: 2F
1-2: Foul Ball, location: 2F
1-2: GRAND SLAM HOME RUN (Line Drive, 7D), Distance : 353 ft
Pitching: RHP Lanny Larson
Batting: SHB Eugene Parrish 0-0: Called Strike
0-1: Called Strike
0-2: Ball
1-2: Foul Ball, location: 2F
1-2: Strikes out swinging
Top of the 9th over - 4 run(s), 2 hit(s), 0 error(s), 0 left on base; Oakland 8 - Seattle 3
BOTTOM OF THE 9TH
Seattle Aviators batting - Pitching for Oakland Oaks : RHP Dave Mitchell
Pitching: RHP Luke Merkley
Now at C: Edwin Church
Now in RF: John Allen
Batting: RHB Clarence Fox 0-0: Called Strike
0-1: Foul Ball, location: 2F
0-2: Ball
1-2: SINGLE (Line Drive, 7LS)
Batting: RHB Craig Stewart 0-0: Ball
1-0: Fly out, F9 (Flyball, 9M)
Pinch Hitting: RHB Lawrence Bell 0-0: Ball
1-0: Ball
2-0: Grounds into double play, 1-6-3 (Groundball, 15)
Bottom of the 9th over - 0 run(s), 1 hit(s), 0 error(s), 0 left on base; Oakland 8 - Seattle 3
This league is powered by Out of the Park Baseball, the baseball management simulation game for PC, Mac and Linux
Friday, October 23rd, 2015 - OOTP Baseball 16.9 Build 39